PAAA
BAKERSFIELD NOBLES @ SALT LAKE CITY BUZZ
07/28/2029
 
TOP OF THE 1ST
Bakersfield Nobles batting - Pitching for Salt Lake City Buzz : LHP Roberto De La Cruz
Pitching: LHP Roberto De La Cruz
Batting: RHB Leonardo Ramírez 0-0: Called Strike
0-1: Ground out 4-3 (Groundball, 4)
Batting: RHB Alfredo García 0-0: Ball
1-0: DOUBLE (Line Drive, 78D)
Batting: LHB Jorge Alejándrez 0-0: Foul Ball, location: 2F
0-1: Ball
1-1: Ball
2-1: Ball
3-1: Fly out, F7 (Flyball, 78S)
Batting: RHB Mario Blanco 0-0: Ball
1-0: Ball
2-0: Ball
3-0: Base on Balls
Batting: RHB Gabriel Maldonado 0-0: Foul Ball, location: 2F
0-1: Fly out, F8 (Flyball, 78D)
Top of the 1st over - 0 runs, 1 hit, 0 errors, 2 left on base; Bakersfield 0 - Salt Lake City 0
BOTTOM OF THE 1ST
Salt Lake City Buzz batting - Pitching for Bakersfield Nobles : RHP Ricardo Campos
Pitching: RHP Ricardo Campos
Batting: LHB Mike Gillespie 0-0: DOUBLE (Line Drive, 8LD)
Batting: RHB Jung-hwan Kwon 0-0: Ball
1-0: Ball
2-0: Ground out 6-3 (Groundball, 6)
Mike Gillespie to third
Batting: SHB Félix Medina 0-0: Fly out, F7 (Line Drive, 78D)
Runner from 3rd tags up, SCORES, no throw
Batting: LHB Qi-zhen Loong 0-0: Called Strike
0-1: SOLO HOME RUN (Flyball, 7LD), Distance : 368 ft
Batting: LHB Tim Waters 0-0: Ball
1-0: SOLO HOME RUN (Flyball, 9D), Distance : 382 ft
Batting: LHB Roberto Soto 0-0: Ball
1-0: Swinging Strike
1-1: Fly out, F9 (Flyball, 9)
Bottom of the 1st over - 3 runs, 3 hits, 0 errors, 0 left on base; Bakersfield 0 - Salt Lake City 3
TOP OF THE 2ND
Bakersfield Nobles batting - Pitching for Salt Lake City Buzz : LHP Roberto De La Cruz
Batting: RHB Omer Yurtseven 0-0: Ball
1-0: Swinging Strike
1-1: Ball
2-1: Fly out, F7 (Flyball, 7)
Batting: RHB Yosuke Hayashi 0-0: Called Strike
0-1: Ball
1-1: Called Strike
1-2: SINGLE (Groundball, 5S) (infield hit)
Batting: SHB Gregg Wagner 0-0: Ball
1-0: Fly out, F4 (Line Drive, 4)
Batting: RHB Keith Best 0-0: Fly out, F7 (Flyball, 7S)
Top of the 2nd over - 0 runs, 1 hit, 0 errors, 1 left on base; Bakersfield 0 - Salt Lake City 3
BOTTOM OF THE 2ND
Salt Lake City Buzz batting - Pitching for Bakersfield Nobles : RHP Ricardo Campos
Batting: RHB Vicente Cruz 0-0: Swinging Strike
0-1: Ball
1-1: Ball
2-1: Swinging Strike
2-2: Strikes out looking
Batting: RHB Alejandro Herrera 0-0: Ball
1-0: Ball
2-0: Ball
3-0: Called Strike
3-1: SINGLE (Flyball, 8RS)
Batting: RHB Quigley Gibson 0-0: Ball
Alejandro Herrera steals 2nd base
1-0: Called Strike
1-1: Called Strike
1-2: Ball
2-2: Ball
3-2: Base on Balls
Batting: LHB Mike Gillespie 0-0: Called Strike
0-1: Fly out, F7 (Flyball, 7LDF)
Runner from 2nd tags up, SAFE at 3rd, no throw
Batting: RHB Jung-hwan Kwon 0-0: Fielders Choice at 2nd, 6-4 (Groundball, 6)
Bottom of the 2nd over - 0 runs, 1 hit, 0 errors, 2 left on base; Bakersfield 0 - Salt Lake City 3
TOP OF THE 3RD
Bakersfield Nobles batting - Pitching for Salt Lake City Buzz : LHP Roberto De La Cruz
Batting: RHB Leonardo Ramírez 0-0: Called Strike
0-1: Called Strike
0-2: Ball
1-2: Ball
2-2: Ball
3-2: Ground out 5-3 (Groundball, 56)
Batting: RHB Alfredo García 0-0: Ground out 5-3 (Groundball, 56S)
Batting: LHB Jorge Alejándrez 0-0: SOLO HOME RUN (Line Drive, 9LD), Distance : 362 ft
Batting: RHB Mario Blanco 0-0: Ball
1-0: Fly out, F9 (Flyball, 89S)
Top of the 3rd over - 1 run, 1 hit, 0 errors, 0 left on base; Bakersfield 1 - Salt Lake City 3
BOTTOM OF THE 3RD
Salt Lake City Buzz batting - Pitching for Bakersfield Nobles : RHP Ricardo Campos
Batting: SHB Félix Medina 0-0: Foul Ball, location: 2F
0-1: Called Strike
0-2: Foul Ball, location: 2F
0-2: Fly out, F6 (Popup, 6MD)
Batting: LHB Qi-zhen Loong 0-0: Ball
1-0: Called Strike
1-1: Ball
2-1: SINGLE (Groundball, 6D)
Batting: LHB Tim Waters 0-0: Called Strike
0-1: Foul Ball, location: 2F
0-2: Ball
1-2: Ball
2-2: Ball
3-2: Strikes out swinging
Batting: LHB Roberto Soto 0-0: SINGLE (Groundball, 56D)
Qi-zhen Loong to second
Batting: RHB Vicente Cruz 0-0: Called Strike
0-1: Ball
1-1: Ball
2-1: Foul Ball, location: 2F
2-2: Ground out 1-3 (Groundball, P)
Bottom of the 3rd over - 0 runs, 2 hits, 0 errors, 2 left on base; Bakersfield 1 - Salt Lake City 3
TOP OF THE 4TH
Bakersfield Nobles batting - Pitching for Salt Lake City Buzz : LHP Roberto De La Cruz
Batting: RHB Gabriel Maldonado 0-0: Swinging Strike
0-1: Called Strike
0-2: Fly out, F8 (Flyball, 8RD)
Batting: RHB Omer Yurtseven 0-0: Ball
1-0: Called Strike
1-1: Swinging Strike
1-2: SINGLE (Groundball, 6MD)
Batting: RHB Yosuke Hayashi 0-0: Ball
1-0: Ball
2-0: Called Strike
2-1: SINGLE (Line Drive, 78S)
Omer Yurtseven to second
Batting: SHB Gregg Wagner 0-0: Ball
1-0: Foul Ball, location: 2F
1-1: Called Strike
1-2: Fly out, F4 (Popup, 4S)
Batting: RHB Keith Best 0-0: Ball
1-0: Ball
2-0: Fly out, F6 (Line Drive, 6MD)
Top of the 4th over - 0 runs, 2 hits, 0 errors, 2 left on base; Bakersfield 1 - Salt Lake City 3
BOTTOM OF THE 4TH
Salt Lake City Buzz batting - Pitching for Bakersfield Nobles : RHP Ricardo Campos
Batting: RHB Alejandro Herrera 0-0: Ball
1-0: Ball
2-0: Ball
3-0: Base on Balls
Batting: RHB Quigley Gibson 0-0: Ball
1-0: Called Strike
1-1: Foul Ball, location: 2F
1-2: Grounds into double play, 6-4-3 (Groundball, 6)
Batting: LHB Mike Gillespie 0-0: Ball
1-0: Ball
2-0: Foul Ball, location: 2F
2-1: Ball
3-1: Foul Ball, location: 2F
3-2: Foul Ball, location: 2F
3-2: Fly out, F6 (Popup, 6)
Bottom of the 4th over - 0 runs, 0 hits, 0 errors, 0 left on base; Bakersfield 1 - Salt Lake City 3
TOP OF THE 5TH
Bakersfield Nobles batting - Pitching for Salt Lake City Buzz : LHP Roberto De La Cruz
Batting: RHB Leonardo Ramírez 0-0: SOLO HOME RUN (Flyball, 7LD), Distance : 366 ft
Batting: RHB Alfredo García 0-0: Fly out, F9 (Flyball, 9)
Batting: LHB Jorge Alejándrez 0-0: Swinging Strike
0-1: Foul Ball, location: 2F
0-2: Ball
1-2: Ball
2-2: Ball
3-2: Fly out, F7 (Flyball, 78D)
Batting: RHB Mario Blanco 0-0: DOUBLE (Line Drive, 9D)
Batting: RHB Gabriel Maldonado 0-0: Called Strike
0-1: Ball
1-1: Foul Ball, location: 2F
1-2: Ball
2-2: Ball
3-2: Foul Ball, location: 2F
3-2: Fly out, F8 (Flyball, 8LD)
Top of the 5th over - 1 run, 2 hits, 0 errors, 1 left on base; Bakersfield 2 - Salt Lake City 3
BOTTOM OF THE 5TH
Salt Lake City Buzz batting - Pitching for Bakersfield Nobles : RHP Ricardo Campos
Batting: RHB Jung-hwan Kwon 0-0: Ball
1-0: Ground out 4-3 (Groundball, 6M)
Batting: SHB Félix Medina 0-0: Called Strike
0-1: Swinging Strike
0-2: Ball
1-2: Foul Ball, location: 2F
1-2: Ball
2-2: Strikes out swinging
Batting: LHB Qi-zhen Loong 0-0: Ball
1-0: Ball
2-0: Ground out 4-3 (Groundball, 34)
Bottom of the 5th over - 0 runs, 0 hits, 0 errors, 0 left on base; Bakersfield 2 - Salt Lake City 3
TOP OF THE 6TH
Bakersfield Nobles batting - Pitching for Salt Lake City Buzz : LHP Roberto De La Cruz
Batting: RHB Omer Yurtseven 0-0: Ball
1-0: Swinging Strike
1-1: Ball
2-1: Ball
3-1: Foul Ball, location: 2F
3-2: DOUBLE (Line Drive, 78D)
Batting: RHB Yosuke Hayashi 0-0: Ball
1-0: Foul Ball, location: 2F
1-1: Foul Ball, location: 2F
1-2: SINGLE (Line Drive, 56D)
Omer Yurtseven to third
Batting: SHB Gregg Wagner 0-0: Called Strike
0-1: Fly out, F7 (Line Drive, 78S)
Runner from 3rd tags up, SCORES, no throw
Batting: RHB Keith Best 0-0: Swinging Strike
0-1: Swinging Strike
0-2: SINGLE (Groundball, 4MD)
Yosuke Hayashi to second
Runner from 2nd tries for 3rd, SAFE, no throw
Batting: RHB Leonardo Ramírez 0-0: SINGLE (Groundball, 56D)
Yosuke Hayashi scores
Keith Best to second
Batting: RHB Alfredo García 0-0: Ball
1-0: Called Strike
1-1: Foul Ball, location: 2F
1-2: Strikes out looking
Batting: LHB Jorge Alejándrez 0-0: Called Strike
0-1: Called Strike
0-2: Fly out, F7 (Flyball, 7LS)
Top of the 6th over - 2 runs, 4 hits, 0 errors, 2 left on base; Bakersfield 4 - Salt Lake City 3
BOTTOM OF THE 6TH
Salt Lake City Buzz batting - Pitching for Bakersfield Nobles : RHP Ricardo Campos
Batting: LHB Tim Waters 0-0: Ball
1-0: Called Strike
1-1: Ball
2-1: Ball
3-1: Base on Balls
Batting: LHB Roberto Soto 0-0: Bunted foul
0-1: Sac Bunt - play at first, batter OUT! 1-4
Tim Waters to second
Batting: RHB Vicente Cruz 0-0: SINGLE (Groundball, 56S) (infield hit)
Tim Waters to third
Batting: RHB Alejandro Herrera 0-0: Ball
1-0: Ball
2-0: Ground out U3 (Groundball, 3)
Vicente Cruz to second
Batting: RHB Quigley Gibson 0-0: Ground out 5-3 (Groundball, 56)
Bottom of the 6th over - 0 runs, 1 hit, 0 errors, 2 left on base; Bakersfield 4 - Salt Lake City 3
TOP OF THE 7TH
Bakersfield Nobles batting - Pitching for Salt Lake City Buzz : LHP Roberto De La Cruz
Batting: RHB Mario Blanco 0-0: Ground out 6-3 (Groundball, 56)
Batting: RHB Gabriel Maldonado 0-0: Ball
1-0: Called Strike
1-1: Foul Ball, location: 2F
1-2: Ball
2-2: Ball
3-2: SOLO HOME RUN (Flyball, 7D), Distance : 407 ft
Pitching: LHP Léonard Moreau
Batting: RHB Omer Yurtseven 0-0: Ball
1-0: Ball
2-0: Ground out 3-1 (Groundball, 34)
Batting: RHB Yosuke Hayashi 0-0: Ball
1-0: SINGLE (Flyball, 78S)
Batting: SHB Gregg Wagner 0-0: Foul Ball, location: 2F
0-1: Swinging Strike
0-2: Ball
1-2: Strikes out swinging
Top of the 7th over - 1 run, 2 hits, 0 errors, 1 left on base; Bakersfield 5 - Salt Lake City 3
BOTTOM OF THE 7TH
Salt Lake City Buzz batting - Pitching for Bakersfield Nobles : RHP Ricardo Campos
Batting: LHB Mike Gillespie 0-0: Called Strike
0-1: Called Strike
0-2: Ball
1-2: Foul Ball, location: 2F
1-2: Fly out, F8 (Flyball, 8LD)
Batting: RHB Jung-hwan Kwon 0-0: Ball
1-0: Ball
2-0: DOUBLE (Line Drive, 89M)
Pitching: RHP Greg Davis
Batting: SHB Félix Medina 0-0: Ball
1-0: Foul Ball, location: 2F
1-1: Called Strike
1-2: Ground out U3 (Groundball, 3)
Jung-hwan Kwon to third
Batting: LHB Qi-zhen Loong 0-0: Ball
1-0: Fly out, F7 (Flyball, 78S)
Bottom of the 7th over - 0 runs, 1 hit, 0 errors, 1 left on base; Bakersfield 5 - Salt Lake City 3
TOP OF THE 8TH
Bakersfield Nobles batting - Pitching for Salt Lake City Buzz : LHP Léonard Moreau
Batting: RHB Keith Best 0-0: Called Strike
0-1: Foul Ball, location: 2F
0-2: Ball
1-2: Foul Ball, location: 2F
1-2: Foul Ball, location: 2F
1-2: Ball
2-2: Ground out 6-3 (Groundball, 56)
Batting: RHB Leonardo Ramírez 0-0: Foul Ball, location: 2F
0-1: Ball
1-1: Ball
2-1: SINGLE (Line Drive, 89S)
Batting: RHB Alfredo García 0-0: Ball
1-0: Ball
2-0: Called Strike
2-1: Foul Ball, location: 2F
2-2: Foul Ball, location: 2F
2-2: Strikes out swinging
Batting: LHB Jorge Alejándrez 0-0: Ball
1-0: Called Strike
1-1: Ball
2-1: Ball
3-1: Foul Ball, location: 2F
3-2: Fly out, F9 (Flyball, 9S)
Top of the 8th over - 0 runs, 1 hit, 0 errors, 1 left on base; Bakersfield 5 - Salt Lake City 3
BOTTOM OF THE 8TH
Salt Lake City Buzz batting - Pitching for Bakersfield Nobles : RHP Greg Davis
Batting: LHB Tim Waters 0-0: Called Strike
0-1: Foul Ball, location: 2F
0-2: Ball
1-2: Ball
2-2: Fly out, F5 (Popup, 5SF)
Batting: LHB Roberto Soto 0-0: Ball
1-0: Swinging Strike
1-1: Called Strike
1-2: Ground out U3 (Groundball, 3)
Batting: RHB Vicente Cruz 0-0: Ball
1-0: Ground out 5-3 (Groundball, 5L)
Bottom of the 8th over - 0 runs, 0 hits, 0 errors, 0 left on base; Bakersfield 5 - Salt Lake City 3
TOP OF THE 9TH
Bakersfield Nobles batting - Pitching for Salt Lake City Buzz : LHP Léonard Moreau
Pitching: RHP Lorenzo López
Batting: RHB Mario Blanco 0-0: Called Strike
0-1: Swinging Strike
0-2: Reached on error, E5 (Groundball, 56S)
Batting: RHB Gabriel Maldonado 0-0: Ball
1-0: DOUBLE (Flyball, 78XD)
Mario Blanco to third
Batting: RHB Omer Yurtseven 0-0: Ground out U3 (Groundball, 3S)
Batting: RHB Yosuke Hayashi 0-0: Intentional Walk
Pinch Hitting: SHB Jason Alexander 0-0: Foul Ball, location: 2F
0-1: Ball
1-1: Ball
2-1: Foul Ball, location: 2F
2-2: Strikes out looking
Pinch Hitting: LHB Ramón Félix 0-0: Ball
1-0: Fly out, F8 (Flyball, 8RM)
Top of the 9th over - 0 runs, 1 hit, 1 error, 3 left on base; Bakersfield 5 - Salt Lake City 3
BOTTOM OF THE 9TH
Salt Lake City Buzz batting - Pitching for Bakersfield Nobles : RHP Greg Davis
Now in LF: Tony Justice
Now in CF: Ramón Félix
Batting: RHB Alejandro Herrera 0-0: Called Strike
0-1: Foul Ball, location: 2F
0-2: Ball
1-2: Strikes out swinging
Batting: RHB Quigley Gibson 0-0: Ball
1-0: Ball
2-0: Ball
3-0: Called Strike
3-1: Called Strike
3-2: Fly out, F9 (Flyball, 9LM)
Batting: LHB Mike Gillespie 0-0: SINGLE (Line Drive, 7S)
Pinch Hitting: LHB Yannick Hendriksen 0-0: Swinging Strike
0-1: Ball
1-1: Foul Ball, location: 2F
1-2: Strikes out swinging
Bottom of the 9th over - 0 runs, 1 hit, 0 errors, 1 left on base; Bakersfield 5 - Salt Lake City 3
Tuesday, December 19th, 2017 - OOTP Baseball 18.8 Build 76